 Dungeon Crawl Stone Soup version 0.28.0-1-gb440e238dd (webtiles) character file.

Game seed: 3517336872464219775

88 mcwallace the Ducker (level 4, 0/41 HPs)
             Began as a Gnoll Monk on Feb 20, 2022.
             Succumbed to an adder's poison
             ... on level 3 of the Dungeon.
             The game lasted 00:01:56 (2378 turns).

mcwallace the Ducker (Gnoll Monk)                   Turns: 2378, Time: 00:01:56

Health: 0/41       AC:  2    Str: 10    XL:     4   Next: 53%
Magic:  5/5        EV: 14    Int: 11    God:
Gold:   66         SH:  4    Dex: 15    Spells: 5/5 levels left

rFire   . . .      SeeInvis .   a - +0 hand axe {axe}
rCold   . . .      Faith    .   e - +0 buckler
rNeg    . . .      Spirit   .   b - +0 robe
rPois   .          Reflect  .   (no helmet)
rElec   .          Harm     .   (no cloak)
rCorr   +          Rampage  .   (no gloves)
Will    .....                   (no boots)
Stlth   +++.......              (no amulet)
HPRegen 0.13/turn               h - ring of resist corrosion
MPRegen 0.09/turn               (no ring)

@: mighty, lethally poisoned (0 -> -4)
A: fangs 1, strong nose, distributed training
a: no special abilities


You were on level 3 of the Dungeon.
You visited 1 branch of the dungeon, and saw 3 of its levels.

You collected 66 gold pieces.


Innate Abilities, Weirdness & Mutations

You have very sharp teeth.
Your uncanny sense of smell can sniff out nearby items.
Your experience applies equally to all skills.


   Skills:
 + Level 6.6 Fighting
 + Level 1.2 Short Blades
 + Level 1.2 Long Blades
 + Level 6.6 Axes
 + Level 1.2 Maces & Flails
 + Level 1.2 Polearms
 + Level 1.2 Staves
 + Level 1.2 Slings
 + Level 1.2 Bows
 + Level 1.2 Crossbows
 + Level 1.2 Throwing
 + Level 1.2 Armour
 + Level 6.6 Dodging
 + Level 4.3 Stealth
 + Level 1.2 Shields
 + Level 1.2 Unarmed Combat
 + Level 1.2 Spellcasting
 + Level 1.0 Conjurations
 + Level 1.0 Hexes
 + Level 1.0 Summonings
 + Level 1.0 Necromancy
 + Level 1.0 Translocations
 + Level 1.0 Transmutations
 + Level 1.0 Fire Magic
 + Level 1.0 Ice Magic
 + Level 1.0 Air Magic
 + Level 1.0 Earth Magic
 + Level 1.0 Poison Magic
 + Level 1.3 Invocations
 + Level 1.2 Evocations


You had 5 spell levels left.
You didn't know any spells.
Your spell library contained the following spells:

 Spells                   Type           Power      Damage    Failure   Level
 Scorch                   Fire           4%         2d5       38%         2
 Flame Wave               Conj/Fire      2%         2d4       95%         4
 Summon Cactus Giant      Summ           1%         N/A       100%        6

Inventory:

Hand Weapons
 a - a +0 hand axe (weapon) {axe}
Missiles
 d - 55 stones (quivered) {throwing}
 m - 6 poisoned darts {throwing}
 n - 22 bolts
Armour
 b - a +0 robe (worn)
 e - a +0 buckler (worn)
   (You found it on level 1 of the Dungeon)
Jewellery
 h - a ring of resist corrosion (left hand)
   (You found it on level 1 of the Dungeon)
Wands
 l - a wand of charming (11)
   (You found it on level 2 of the Dungeon)
Scrolls
 c - a scroll of fear {unknown}
 i - a scroll of identify {unknown}
 j - 2 scrolls of blinking {unknown}
Potions
 f - a potion of magic {unknown}
 g - a potion of might
 k - 2 potions of heal wounds {unknown}

Dungeon Overview and Level Annotations

Branches:
Dungeon (3/15)

Altars:
Dithmenos

Shops:
D:1

( #..........
###.#######
###.### #.(...#
#####..#..####
#.....###....
#.##..###..##.
##..#..##
#.oo@.#
.....o)o........
.##.........##..
##..._...##
#.?.......#
.............
#..##.....##...
#.# #..#..# #..


You could see 4 orcs.


Message History

There are monsters nearby!
A goblin comes into view. It is wielding a +0 club.
The bat misses you. 😎 HP[+1]
Your hp is fully restored (41).
An orc wizard comes into view. It is wielding a +0 dagger.
The orc wizard shouts!
You hear a shout!
The bat misses you. The adder bites you.
You are poisoned.
The adder poisons you!
An orc comes into view. It is wielding a +0 mace.
The orc wizard points at you and mumbles some strange words.
The puff of flame hits you!
An orc comes into view. It is wielding a +0 club. 😮 HP[-11]
You take 11 damage, and now have 30/41 hp.
MASSIVE DAMAGE!! (PAUSE)
You barely miss the adder.
You feel sick.
The orc shouts!
You hear a shout!
You block the adder's attack. The bat barely misses you.
An orc comes into view. It is wielding a +0 club.
The adder closely misses you. 😮 HP[-2]
You take 2 damage, and now have 28/41 hp.
You closely miss the adder. Your bite misses the adder. You miss the bat.
You feel sick. The bat closely misses you. The adder misses you. 😮 HP[-1]
You take 1 damage, and now have 27/41 hp.
You hit the adder. You hit the bat.
You kill the bat!
You feel sick. The adder bites you.
You are more poisoned.
The adder poisons you! 😮 HP[-3]
You take 3 damage, and now have 24/41 hp.
There are monsters nearby!
There are monsters nearby!
You hit the adder.
You feel sick. The adder misses you.
An orc comes into view.
It is wielding a +2 dagger of electrocution.
You block the adder's attack. 😮 HP[-1]
You take 1 damage, and now have 23/41 hp.
You closely miss the adder. You miss the goblin.
You barely miss the orc wizard.
You feel sick. The goblin completely misses you.
The orc wizard mumbles some strange words.
The orc wizard flickers and vanishes!
Deactivating autopickup; reactivate with Ctrl-A.
The adder bites you.
* * * LOW HITPOINT WARNING * * *
You are more poisoned.
The adder poisons you! 😨 HP[-5]
You take 5 damage, and now have 18/41 hp.
You closely miss the adder.
The orc shouts!
You hit the goblin. You hit something.
You feel very sick. The goblin closely misses you.
You block something's attack. The adder bites you.
* * * LOW HITPOINT WARNING * * *
😨 HP[-5]
You take 5 damage, and now have 13/41 hp.
You barely miss the adder. You hit the goblin.
You kill the goblin!
You barely miss something. You hit the orc.
You feel sick. You block the adder's attack. Something hits you.
* * * LOW HITPOINT WARNING * * *
The orc hits you but does no damage. 😱 HP[-4]
You take 4 damage, and now have 9/41 hp.
You miss the adder. You hit the orc but do no damage.
You barely miss something. You closely miss the orc.
You feel sick. The adder closely misses you.
You hear some strange, mumbled words.
A puff of flame appears from out of thin air!
The puff of flame misses you.
The puff of flame hits the adder!
The adder dies!
You block the orc's attack.
Your Conjurations skill increases to level 1!
Your Hexes skill increases to level 1!
Your Summonings skill increases to level 1!
Your Necromancy skill increases to level 1!
Your Translocations skill increases to level 1!
Your Transmutations skill increases to level 1!
Your Fire Magic skill increases to level 1!
Your Ice Magic skill increases to level 1!
Your Air Magic skill increases to level 1!
Your Earth Magic skill increases to level 1!
Your Poison Magic skill increases to level 1! 😱 HP[-1]
You take 1 damage, and now have 8/41 hp.
You feel sick.
The orc hits you with a +2 dagger of electrocution.
* * * LOW HITPOINT WARNING * * *
😱 HP[-7]
You take 7 damage, and now have 1/41 hp.
It was a potion of might.
You feel very mighty all of a sudden.
You die...

Skill      XL: |  1  2  3  4 |
---------------+-------------+-----
Invocations    | 1 |  1.3
Short Blades   | 1 |  1.2
Long Blades    | 1 |  1.2
Maces & Flails | 1 |  1.2
Polearms       | 1 |  1.2
Staves         | 1 |  1.2
Slings         | 1 |  1.2
Bows           | 1 |  1.2
Crossbows      | 1 |  1.2
Throwing       | 1 |  1.2
Armour         | 1 |  1.2
Shields        | 1 |  1.2
Unarmed Combat | 1 |  1.2
Spellcasting   | 1 |  1.2
Evocations     | 1 |  1.2
Conjurations   | 1 |  1.0
Hexes          | 1 |  1.0
Summonings     | 1 |  1.0
Necromancy     | 1 |  1.0
Translocations | 1 |  1.0
Transmutations | 1 |  1.0
Fire Magic     | 1 |  1.0
Ice Magic      | 1 |  1.0
Air Magic      | 1 |  1.0
Earth Magic    | 1 |  1.0
Poison Magic   | 1 |  1.0
Fighting       | |  6.6
Axes           | |  6.6
Dodging        | |  6.6
Stealth        | |  4.3

Action                   |  1- 3 |  4- 6 || total
-------------------------+-------+-------++-------
Melee: Hand axe          |    99 |    55 ||   154
       Punch             |     1 |       ||     1
       Bite              |     6 |     4 ||    10
  Use: Potion            |       |     1 ||     1
 Stab: Sleeping          |     6 |       ||     6
Armor: Robe              |    12 |     7 ||    19
Dodge: Dodged            |    79 |    33 ||   112
Block: Buckler           |     9 |    15 ||    24

Levels and vault maps discovered:
D:1:      shiori_arrival_whats_in_store_for_you, layout_basic, serial_shops,
          nicolae_shop_bloodbath_and_beyond, serial_bayou_pond_a
D:2:      layout_loops_corners, st_stairs_10, minmay_lizard_pond
D:3:      layout_rooms, nicolae_dithmenos_shadow_blocks, basic_ecumenical_altar,
          serial_park_tiny_2, uniq_natasha, uniq_crazy_yiuf_cottage, uniq_ijyb

Notes
Turn   | Place    | Note
-------+----------+-------------------------------------------
     0 | D:1      | mcwallace the Gnoll Monk began the quest for the Orb.
     0 | D:1      | Reached XP level 1. HP: 23/23 MP: 1/1
     0 | D:1      | magus.rc [v1.9.6]
   113 | D:1      | You pick up a book of Scorching and begin reading...
   113 | D:1      | You add the spells Scorch, Flame Wave and Summon Cactus
                  | Giant to your library.
   211 | D:1      | Reached XP level 2. HP: 29/29 MP: 2/2
   673 | D:1      | Reached XP level 3. HP: 35/35 MP: 3/3
   747 | D:1      | Found Peinwen's Weapon Boutique.
   957 | D:2      | Reached skill level 1 in Invocations
  1546 | D:2      | Reached skill level 1 in Short Blades
  1546 | D:2      | Reached skill level 1 in Long Blades
  1546 | D:2      | Reached skill level 1 in Maces & Flails
  1546 | D:2      | Reached skill level 1 in Polearms
  1546 | D:2      | Reached skill level 1 in Staves
  1546 | D:2      | Reached skill level 1 in Slings
  1546 | D:2      | Reached skill level 1 in Bows
  1546 | D:2      | Reached skill level 1 in Crossbows
  1546 | D:2      | Reached skill level 1 in Throwing
  1546 | D:2      | Reached skill level 1 in Armour
  1546 | D:2      | Reached skill level 1 in Shields
  1546 | D:2      | Reached skill level 1 in Unarmed Combat
  1546 | D:2      | Reached skill level 1 in Spellcasting
  1546 | D:2      | Reached skill level 1 in Evocations
  1648 | D:2      | Reached XP level 4. HP: 29/41 MP: 5/5
  2364 | D:3      | Found a shadowy altar of Dithmenos.
  2375 | D:3      | HP: 9/41 [something (3)]
  2377 | D:3      | Reached skill level 1 in Conjurations
  2377 | D:3      | Reached skill level 1 in Hexes
  2377 | D:3      | Reached skill level 1 in Summonings
  2377 | D:3      | Reached skill level 1 in Necromancy
  2377 | D:3      | Reached skill level 1 in Translocations
  2377 | D:3      | Reached skill level 1 in Transmutations
  2377 | D:3      | Reached skill level 1 in Fire Magic
  2377 | D:3      | Reached skill level 1 in Ice Magic
  2377 | D:3      | Reached skill level 1 in Air Magic
  2377 | D:3      | Reached skill level 1 in Earth Magic
  2377 | D:3      | Reached skill level 1 in Poison Magic
  2377 | D:3      | HP: 1/41 [orc (6)]
  2378 | D:3      | Succumbed to an adder's poison

Vanquished Creatures
  3 adders (D:2)
  A worm (D:3)
  A dart slug (D:2)
  3 ball pythons (D:1)
  4 endoplasms
  A giant cockroach (D:2)
  4 goblins
  3 hobgoblins
  3 jackals (D:2)
  6 kobolds
  4 quokkas
  5 bats
  13 frilled lizards
  A rat (D:1)
52 creatures vanquished.

Vanquished Creatures (others)
  An adder (D:3)
1 creature vanquished.

Grand Total: 53 creatures vanquished

Table legend:
 A = Non-vault XP
 B = Vault XP
 C = Vault XP percentage of total XP
 D = Non-vault monster count
 E = Vault monster count
 F = Vault count percentage of total count
                 A         B        C        D         E       F
            +---------+---------+-------+---------+---------+-------
      Total |     114 |      12 |   9.5 |      42 |      11 |  20.8
            +---------+---------+-------+---------+---------+-------
        D:1 |      36 |       0 |   0.0 |      23 |       0 |   0.0
        D:2 |      58 |      12 |  17.1 |      12 |      11 |  47.8
        D:3 |      20 |       0 |   0.0 |       7 |       0 |   0.0
            +---------+---------+-------+---------+---------+-------

Illustrated notes

Table legend:
 A = Kills in this place as a percentage of kills in entire the game.
 B = Kills by you in this place as a percentage of kills by you in the entire game.
 C = Kills by friends in this place as a percentage of kills by friends in the entire game.
 D = Other kills in this place as a percentage of other kills in the entire game.
 E = Experience gained in this place as a percentage of experience gained in the entire game.
 F = Experience gained in this place divided by the number of levels of this place that you have seen.
                   A       B       C       D       E      F
               +-------+-------+-------+-------+-------+----------------------
         Total | 100.0 | 100.0 |   N/A | 100.0 | 100.0 |  42.0
       Dungeon | 100.0 | 100.0 |   N/A | 100.0 | 100.0 |  42.0
               +-------+-------+-------+-------+-------+----------------------

Table legend: (Time is in decaauts)
 A = Elapsed time spent in this place.
 B = Non-inter-level travel time spent in this place.
 C = Inter-level travel time spent in this place.
 D = Time resting spent in this place.
 E = Time spent auto-exploring this place.
 F = Levels seen in this place.
 G = Mean time per level.
                   A        B        C        D        E       F      G
               +--------+--------+--------+--------+--------+-----+--------+
         Total |   2380 |   2329 |     51 |      0 |   2006 |   3 |  793.3 |
       Dungeon |   2380 |   2329 |     51 |      0 |   2006 |   3 |  793.3 |
               +--------+--------+--------+--------+--------+-----+--------+

Top non-repeatable levels by time:
     D:2: 1390 daAuts
     D:1: 873 daAuts
     D:3: 116 daAuts
